 Dungeon Crawl Stone Soup version 0.29.1-15-g9cfb28693d (webtiles) character file.

Game seed: 17688002586922044736

58 comborobin the Trooper (level 3, -9/36 HPs)
             Began as a Draconian Delver on Dec 28, 2023.
             Mangled by a wyvern (15 damage)
             ... on level 4 of the Dungeon.
             The game lasted 00:01:47 (1510 turns).

comborobin the Trooper (Draconian Delver)           Turns: 1510, Time: 00:01:47

Health: -9/36      AC:  5    Str: 13 (14) XL:     3   Next: 75%
Magic:  3/3        EV: 12    Int:  9 (12) God:
Gold:   94         SH:  0    Dex: 11 (12) Spells: 2/2 levels left

rFire   . . .      SeeInvis .   m - +3 short sword
rCold   . . .      Faith    .   (no shield)
rNeg    . . .      Spirit   .   (body armour unavailable)
rPois   .          Reflect  .   (helmet restricted)
rElec   .          Harm     .   (no cloak)
rCorr   .          Rampage  .   (no gloves)
Will    .....                   (no boots)
Stlth   ++........              (no amulet)
HPRegen 0.12/turn               (no ring)
MPRegen 0.08/turn               (no ring)

@: flying
A: AC +5, unfitting armour, cold-blooded
a: no special abilities


You were on level 4 of the Dungeon.
You visited 1 branch of the dungeon, and saw 4 of its levels.

You collected 94 gold pieces.

Inventory:

Hand Weapons
 m - a +3 short sword (weapon)
Missiles
 j - a throwing net (quivered)
Jewellery
 o - a ring of fire
Wands
 e - a wand of digging (3)
Scrolls
 a - a scroll of fog
 c - a scroll of poison {unknown}
 h - a scroll of immolation {unknown}
 i - a scroll of butterflies {unknown}
 l - a scroll of identify {unknown}
 n - a scroll of amnesia {unknown}
Potions
 b - 2 potions of flight
 g - a potion of heal wounds
 k - a potion of curing


   Skills:
 + Level 5.2 Fighting
 - Level 1.7 Dodging
 - Level 4.5 Stealth
 - Level 2.0 Unarmed Combat


You had 2 spell levels left.
You didn't know any spells.
Your spell library contained the following spells:

 Spells                   Type           Power      Damage    Failure   Level
 Cause Fear               Hex            0%         N/A       99%         4
 Dragon Form              Tmut           0%         N/A       100%        7
 Dragon's Call            Summ           0%         N/A       100%        9


Dungeon Overview and Level Annotations

Branches:
Dungeon (5/15)             Temple (0/1) D:4

Altars:
Gozag
Makhleb
Ru

Annotations:
D:2 Robin


Innate Abilities, Weirdness & Mutations

Your plain brown scales are hard. (AC +5)
You cannot fit into any form of body armour.
You are cold-blooded and may be slowed by cold attacks.


Message History

a +0 mace; an orc corpse
As you read the scroll of magic mapping, it crumbles to dust.
You feel aware of your surroundings.
(D) Dungeon (T) Temple
Where to? (Enter - D:3 @ (x,y), ? - help)
Okay, then.
b - 2 fuming white potions
Okay, then.
There is a stone staircase leading up here.
There are no items here.
b - 3 fuming white potions (gained 1)
There are no items here.
Your extra speed is starting to run out.
It was a potion of flight.
You feel very buoyant.
You fly up into the air.
Found a scroll labelled TAM XIPRIW UHE.
A wyvern comes into view.
Found 7 gold pieces.
The wyvern hisses angrily.
You see here a scroll labelled TAM XIPRIW UHE.
c - a scroll labelled TAM XIPRIW UHE You feel yourself slow down.
Okay, then.
Okay, then.
It was a potion of degeneration.
There was something very wrong with that liquid.
You feel weakened.
You feel dopey.
You feel clumsy.
It was a potion of heal wounds.
You feel much better. The wyvern barely misses you.
It was a potion of curing.
You feel better. The wyvern barely misses you.
You closely miss the wyvern. You tail-slap the wyvern.
The wyvern is lightly wounded.
The wyvern bites you. The wyvern bites you!
You hit the wyvern.
The wyvern is lightly wounded.
The wyvern bites you!
* * * LOW HITPOINT WARNING * * *
The wyvern bites you!
You die...

..........####*****##.....#**,,*#
....<..).....#* #......##*,,..
..........##..######........,,,..
..........###.............#***,,,
#########...#######..###.##***,**
#...........## *,**,,,,**
#...........# *,,,,**,** #**
#..........## ***,,**,,,
#.###.......@l.# *,,,,.,*
#..>...........#######,##..,*
###.....#####........#.....,,
####....#*######.....###.,,
#.##..)# ***#.........,, #..*##.#
#.....#....$.,*
##..,,,#*#.#....,#####,,
*###*,,.........* *,,
*,.,.l.....## ***


You could see a wyvern.

Vanquished Creatures
  An orc priest (D:4)
  A dart slug (D:2)
  A worm (D:3)
  An orc (D:3)
  A ball python (D:2)
  2 endoplasms (D:3)
  4 goblins
  A hobgoblin (D:3)
  2 kobolds (D:3)
  2 quokkas (D:3)
  2 bats
  A frilled lizard (D:3)
  3 rats (D:3)
22 creatures vanquished.

Notes
Turn   | Place    | Note
-------+----------+-------------------------------------------
     0 | D:5      | comborobin the Draconian Delver began the quest for the
                  | Orb.
     0 | D:5      | Reached XP level 1. HP: 19/19 MP: 1/1
    21 | D:4      | Noticed an orc priest
   309 | D:3      | Reached XP level 2. HP: 24/27 MP: 2/2
   384 | D:3      | Reached skill level 4 in Fighting
   523 | D:3      | Found a burning altar of Makhleb.
   679 | D:3      | Found a sacrificial altar of Ru.
   846 | D:3      | Found an opulent altar of Gozag.
   952 | D:2      | Noticed Robin
  1227 | D:4      | Noticed a scorpion
  1459 | D:4      | Reached skill level 5 in Fighting
  1459 | D:4      | Reached XP level 3. HP: 24/36 MP: 3/3
  1496 | D:4      | Noticed a wyvern
  1510 | D:4      | Mangled by a wyvern

Illustrated notes

Levels and vault maps discovered:
D:2:      layout_loops_ring, nicolae_concentric_dashed_squares_wild,
          uniq_natasha, uniq_robin
D:3:      layout_rooms, mainiacjoe_overflow_surrounded_room,
          nicolae_gozag_cash_rules_everything_around_me,
          lemuel_coloured_pillars_altar
D:4:      layout_rooms, temple_doors_e, eino_small_chamber_without_monster,
          uniq_blork_the_orc
D:5:      layout_rooms, nicolae_overflow_squiral

Skill      XL: |  1  2 |
---------------+-------+-----
Fighting       | 5 |  5.2
Dodging        | |  1.7
Stealth        | |  4.5
Unarmed Combat | |  2.0

Action                   || total
-------------------------++-------
Melee: Unarmed           ||    50
       Tailslap          ||     7
       Punch             ||     1
       Short sword       ||    40
  Use: Potion            ||     5
       Scroll            ||     2
 Stab: Sleeping          ||     3
Armor: Skin              ||    26
Dodge: Dodged            ||    78
